 Dungeon Crawl Stone Soup version 0.26-a0-639-g72c4674329 (webtiles) character file.

Game seed: 3471366364853985225

(classic levelgen) 8261 EnegeticOcto the Blocker (level 11, -5/99 HPs)
             Began as a Deep Dwarf Fighter on Sept 28, 2020.
             Was a Believer of Makhleb.
             Slain by an orc knight
             ... wielding a +0 glaive
              (24 damage)
             ... in a bailey.
             The game lasted 00:04:44 (6130 turns).

EnegeticOcto the Blocker (Deep Dwarf Fighter)       Turns: 6130, Time: 00:04:44

Health: -5/99      AC: 19    Str: 23    XL:     11   Next: 7%
Magic:  9/9        EV:  4    Int:  9    God:    Makhleb [**....]
Gold:   310        SH: 18    Dex: 12    Spells: 10/10 levels left

rFire    . . .     SeeInvis .   a - +1 war axe (flame)
rCold    . . .     Faith    .   h - +0 tower shield
rNeg     . . .     Spirit   .   t - +0 plate armour
rPois    .         Reflect  .   w - +1 helmet
rElec    .         Harm     +   p - scarf {harm}
rCorr    .         Rampage  .   j - +0 pair of gloves
MR       +....                  q - +1 pair of boots
Stlth    ..........             y - amulet of magic regeneration
HPRegen  0.00/turn              (no ring)
MPRegen  0.36/turn              D - ring of stealth

@: mighty, non-regenerating, studying Fighting
A: damage resistance, heal wounds, sense surroundings 2, no regeneration
a: Heal Wounds, Minor Destruction, Renounce Religion


You were in a bailey.
You worshipped Makhleb.
Makhleb was pleased with you.
You visited 2 branches of the dungeon, and saw 11 of its levels.
You also visited: Ossuary and Bailey.

You collected 420 gold pieces.
You spent 110 gold pieces at shops.

Inventory:

Hand Weapons
 a - a +1 war axe of flaming (weapon)
Armour
 b - a +0 scale mail
 c - a +0 kite shield
 h - a +0 tower shield (worn)
 j - a +0 pair of gloves (worn)
 p - a scarf of harm (worn)
 q - a +1 pair of boots (worn)
 t - a +0 plate armour (worn)
 w - a +1 helmet (worn)
Jewellery
 y - an amulet of magic regeneration (around neck)
 D - a ring of stealth (right hand)
Wands
 e - a wand of paralysis (11)
 g - a wand of disintegration (18)
 o - a wand of digging (11) {@v3}
Scrolls
 f - 3 scrolls of teleportation {@r3}
 i - a scroll of fog
 k - 7 scrolls of remove curse {@r2}
 l - a scroll of fear
 r - 6 scrolls of identify {@r1}
 x - 2 scrolls of blinking
Potions
 d - 2 potions of might {@q3}
 m - 3 potions of curing {@q1}
 n - 4 potions of flight
 s - 2 potions of heal wounds {unknown}
 v - a potion of stabbing {unknown}
 z - 2 potions of haste {@q4}
 A - 2 potions of cancellation {unknown}
 B - a potion of degeneration {unknown}
 C - a potion of mutation {unknown}
Books
 u - a manual of Fighting
Miscellaneous
 E - a box of beasts (2/3)


   Skills:
 + Level 6.7 Fighting
 * Level 10.6 Axes
 + Level 8.0 Armour
 * Level 10.7 Shields
 + Level 5.4 Invocations
 + Level 3.7 Evocations


You had 10 spell levels left.
You didn't know any spells.
Your spell library was empty.

Dungeon Overview and Level Annotations

Branches:
Dungeon (10/15)            Temple (1/1) D:6            Lair (0/6) D:8
Ossuary (visited)          Bailey (1/1)
    Orc: D:9-12

Altars:
Ashenzari
Cheibriados
Dithmenos
Elyvilon
Fedhas
Gozag
Hepliaklqana
Kikubaaqudgha
Makhleb
Nemelex Xobeh
Okawaru
Qazlal
Ru
Trog
Uskayaw
Vehumet
Wu Jian
Xom
Yredelemnul
Zin
The Shining One
Jiyva

Shops:
D:9 !   D:10 *

Portals:
Trove: D:10 (give horn of Geryon)

Annotations:
D:10 3 runed translucent doors, Gruesome's ghost, journeyman DrEE


Innate Abilities, Weirdness & Mutations

You are resistant to damage.
You can heal yourself by infusing magical energy.
You passively map the area around you.
You do not regenerate.


Message History

You hit the orc warrior but do no damage.
The orc warrior is heavily wounded.
You block the orc warrior's attack.
Your unstable footing causes you to fumble your attack.
The orc warrior splashes around in the water.
You hit the orc warrior. You burn the orc warrior.
The orc warrior is heavily wounded.
The orc warrior splashes around in the water.
Your unstable footing causes you to fumble your attack.
The orc warrior splashes around in the water.
Your unstable footing causes you to fumble your attack.
You block the orc warrior's attack.
You hit the orc warrior. You burn the orc warrior.
You kill the orc warrior!
Makhleb accepts your kill.
You hear a splash. x2
No target in view!
No target in view!
No target in view!
No target in view!
You open the gate.
Found a manual of Fighting.
Found two gates leading back out of this place.
There is an open gate here.
You see here a manual of Fighting.
u - a manual of Fighting You feel very mighty all of a sudden.
You open the door. 3 orc warriors and an orc knight come into view.
The orc warrior shouts! x2; The orc knight shouts!
The orc warrior shouts!
The orc warrior hits you from afar with a +0 glaive!!
The orc knight roars a battlecry!
The orc warriors go into a battle-frenzy!
Found a manual of Armour and 3 scrolls of enchant weapon.
The orc warrior hits you but does no damage.
The orc knight hits you from afar with a +0 glaive!
You block the orc warrior's attack.
There is an open door, spattered with blood here.
You feel much better.
The orc warrior hits you with a +0 glaive.
You block the orc knight's attack. You block the orc warrior's attack.
You barely miss the orc warrior. You hit the orc warrior.
You burn the orc warrior. You block the orc warrior's attack.
The orc warrior hits you with a +0 glaive!!!
The orc knight hits you but does no damage.
You slice the orc warrior!! You burn the orc warrior.
You kill the orc warrior!
Makhleb accepts your kill.
You slash the orc warrior! You burn the orc warrior.
You block the orc warrior's attack.
You closely miss the orc warrior.
The orc warrior is moderately wounded.
You block the orc warrior's attack.
The orc knight hits you from afar with a +0 glaive!
* * * LOW HITPOINT WARNING * * *
You block the orc warrior's attack.
You are too injured to fight recklessly!
You are too injured to fight recklessly!
You feel much better. You block the orc warrior's attack.
You block the orc knight's attack.
You feel much better.
The orc warrior hits you from afar with a +0 glaive!
You block the orc warrior's attack. The orc knight barely misses you.
The orc warrior hits you with a +0 glaive!
You block the orc warrior's attack.
The orc knight hits you with a +0 glaive.
Things that are here:
a +0 glaive; a cursed +0 ring mail You closely miss the orc warrior.
The orc warrior is moderately wounded.
You barely miss the orc knight. You closely miss the orc warrior.
The orc warrior barely misses you.
You closely miss the orc warrior.
The orc warrior is moderately wounded.
You slash the orc knight! You burn the orc knight.
You closely miss the orc warrior. You block the orc warrior's attack.
The orc knight hits you with a +0 glaive!
The orc warrior hits you with a +0 glaive!!
* * * LOW HITPOINT WARNING * * *
You are too injured to fight recklessly!
You are too injured to fight recklessly!
You are too injured to fight recklessly!
You are too injured to fight recklessly!
You are too injured to fight recklessly!
You are too injured to fight recklessly!
You are too injured to fight recklessly!
You are too injured to fight recklessly!
You are too injured to fight recklessly!
You are too injured to fight recklessly!
You are too injured to fight recklessly!
You are too injured to fight recklessly!
You are too injured to fight recklessly!
You feel much better.
The orc warrior hits you with a +0 glaive!
* * * LOW HITPOINT WARNING * * *
You block the orc knight's attack.
You fail to use your ability.
The orc warrior barely misses you. You block the orc warrior's attack.
The orc knight hits you with a +0 glaive!!
You die...

, ..^..≈≈≈≈≈≈≈≈≈≈≈≈≈≈≈≈≈..^..≈..
≈ #.∩#≈≈≈≈≈(≈≈≈≈≈≈≈≈≈≈≈#∩.##≈..
≈≈#.#≈≈≈≈)(#######≈≈≈≈≈≈#.#≈≈..
≈≈≈≈≈≈≈≈))##≈≈≈≈##≈≈≈≈≈≈≈≈≈≈.. ,
≈≈≈≈≈≈≈)(((##≈≈≈≈≈##≈≈))≈≈≈≈≈..
..≈≈≈≈≈≈≈≈≈≈)##'''#≈≈##≈≈≈≈≈≈≈≈..
..≈≈≈≈≈≈≈##≈≈##∩.∩##≈≈#≈≈(≈≈≈≈≈..
..≈≈≈≈≈≈≈##≈####'####≈##≈(≈≈≈≈≈..
..≈≈≈≈≈≈≈##≈'.#o@.# +≈##)(≈≈≈≈≈..
..≈≈≈≈≈≈≈##≈###o8o# #≈##≈()≈≈≈≈..
..≈≈≈≈≈≈≈##≈'.#?.:# +≈##≈(≈≈≈≈≈..
..≈≈≈≈(≈≈##≈#########≈##≈≈≈≈≈≈≈..
..(o≈((≈≈≈#≈≈## * ##≈≈#≈≈()≈≈≈≈..
..≈≈≈≈≈(≈≈##≈≈#+#+#≈≈##≈(()((≈≈..
..≈≈≈≈≈≈(≈≈##≈≈≈≈≈≈≈##≈((≈)≈≈(≈..
.(≈≈≈≈≈≈(≈≈≈#########≈≈≈(≈≈≈≈≈(..
..≈≈#.#(≈≈≈≈≈≈≈# #≈≈≈≈≈(≈(#.#≈≈(.


You could see an orc knight and 2 orc warriors.

Vanquished Creatures
  Nergalle (D:10)
  An unseen horror (D:10)
  Joseph (D:8)
  A hippogriff (D:9)
  2 wyverns
  A wraith (D:10)
  A water moccasin (D:8)
  Duvessa (D:4)
  10 orc warriors
  3 sky beasts
  4 ogres
  A necrophage (D:10)
  An eye of draining (D:10)
  A black bear (D:7)
  6 centaurs
  4 bullfrogs
  Dowan (D:4)
  14 scorpions
  12 killer bees
  6 howler monkeys
  8 wights
  2 bullfrog zombies
  2 hounds
  4 orc wizards
  3 human zombies (Ossuary)
  8 jellies
  2 orc priests
  3 iguanas
  4 worker ants
  A killer bee zombie (D:8)
  A hound zombie (D:6)
  3 mummies (Ossuary)
  A hound skeleton (D:4)
  A howler monkey zombie (D:8)
  3 gnolls (D:5)
  12 adders
  2 scorpion zombies (Ossuary)
  2 shadow imps
  A white imp (D:9)
  2 ufetubi
  3 oozes
  An adder zombie (D:3)
  A dart slug (D:1)
  4 leopard geckos
  16 orcs
  A ball python (D:1)
  3 giant cockroaches
  3 gnoll zombies (Ossuary)
  5 goblins
  A hobgoblin (D:1)
  7 jackals
  7 quokkas
  2 frilled lizards
  3 goblin zombies (Ossuary)
  A hobgoblin zombie (Ossuary)
  2 kobold zombies (Ossuary)
  2 orc zombies (Ossuary)
  A quokka skeleton (D:4)
  3 rats (D:1)
203 creatures vanquished.

Vanquished Creatures (collateral kills)
  Erica (D:10)
  3 killer bees (D:10)
  A worker ant (D:10)
5 creatures vanquished.

Grand Total: 208 creatures vanquished

Notes
Turn   | Place    | Note
-------+----------+-------------------------------------------
     0 | D:1      | EnegeticOcto the Deep Dwarf Fighter began the quest for the
                  | Orb.
     0 | D:1      | Reached XP level 1. HP: 20/20 MP: 1/1
    12 | D:1      | Reached XP level 2. HP: 22/27 MP: 2/2
   225 | D:3      | Reached XP level 3. HP: 25/33 MP: 3/3
   435 | D:4      | Found a snail-covered altar of Cheibriados.
   494 | D:4      | Noticed Dowan
   495 | D:4      | Noticed Duvessa
   508 | D:4      | Killed Duvessa
   508 | D:4      | Reached XP level 4. HP: 20/42 MP: 4/4
   508 | D:4      | Reached XP level 5. HP: 23/49 MP: 5/5
   518 | D:4      | Killed Dowan
  1066 | D:4      | Noticed an ogre
  1078 | D:4      | Killed an ogre
  1078 | D:4      | Reached skill level 5 in Shields
  1078 | D:4      | Reached XP level 6. HP: 47/56 MP: 6/6
  1210 | D:4      | Reached skill level 5 in Axes
  1283 | D:5      | Entered Level 5 of the Dungeon
  1292 | D:5      | Reached XP level 7. HP: 57/63 MP: 6/6
  1363 | D:5      | Noticed a wyvern
  1386 | D:5      | Killed a wyvern
  1386 | D:5      | Reached skill level 5 in Armour
  1460 | D:5      | Reached XP level 8. HP: 50/73 MP: 7/7
  1466 | D:5      | Found a hazy altar of Hepliaklqana.
  2136 | D:6      | Found a stormy altar of Qazlal.
  2309 | D:6      | Found a sand-covered staircase.
  2314 | Ossuary  | Entered an ossuary
  2376 | Ossuary  | Reached skill level 5 in Fighting
  2453 | Ossuary  | Gained mutation: You passively map the area around you.
                  | [Deep Dwarf growth]
  2453 | Ossuary  | Reached XP level 9. HP: 54/81 MP: 7/7
  2658 | D:6      | Found a staircase to the Ecumenical Temple.
  2885 | Temple   | Entered the Ecumenical Temple
  3094 | Temple   | Became a worshipper of Makhleb the Destroyer
  3618 | D:7      | Found a blossoming altar of Fedhas.
  3748 | D:7      | Reached skill level 1 in Invocations
  3796 | D:7      | Found an iron altar of Okawaru.
  4230 | D:7      | Found a shadowy altar of Dithmenos.
  4328 | D:8      | Noticed Joseph
  4338 | D:8      | Killed Joseph
  4365 | D:8      | Found an ornate altar of the Wu Jian Council.
  4451 | D:8      | Found a staircase to the Lair.
  4462 | D:8      | Found a viscous altar of Jiyva.
  4508 | D:8      | Found a sacrificial altar of Ru.
  4596 | D:8      | Reached * piety under Makhleb
  4596 | D:8      | Reached XP level 10. HP: 40/91 MP: 10/10
  4941 | D:9      | Found Inliw's Distillery.
  4949 | D:9      | Bought a potion of haste for 110 gold pieces
  5434 | D:10     | Entered Level 10 of the Dungeon
  5434 | D:10     | Noticed Erica
  5436 | D:10     | Paralysed by Erica for 7 turns
  5445 | D:10     | Found a runed translucent gate.
  5445 | D:10     | Found a runed translucent gate.
  5445 | D:10     | Found a runed translucent gate.
  5446 | D:10     | Noticed Gruesome's ghost (journeyman DrEE)
  5469 | D:10     | Killed Erica
  5469 | D:10     | Reached skill level 10 in Shields
  5469 | D:10     | Reached skill level 1 in Evocations
  5556 | D:10     | Reached skill level 10 in Axes
  5613 | D:10     | Reached ** piety under Makhleb
  5635 | D:10     | Found Vuaxunar's Changing Room.
  5686 | D:10     | Found a portal to a secret trove of treasure.
  5706 | D:10     | Noticed Nergalle
  5723 | D:10     | Noticed a spectral orc warlord
  5727 | D:10     | Killed Nergalle
  5727 | D:10     | Reached skill level 5 in Invocations
  5846 | D:10     | Killed an unseen horror
  5879 | D:10     | Found a flagged portal.
  5907 | Bailey   | Entered a bailey
  5989 | Bailey   | Reached XP level 11. HP: 75/99 MP: 9/9
  6118 | Bailey   | Noticed an orc knight
  6128 | Bailey   | HP: 2/99 [orc warrior/+0 glaive (34)]
  6130 | Bailey   | Slain by an orc knight

Illustrated notes

Levels and vault maps discovered:
D:1:      giann_horns, layout_basic
D:2:      minmay_general_purpose_star, layout_loops_ring
D:3:      layout_loops_cross, nicolae_qazlal_eye_of_the_storm
D:4:      minmay_opposing_rooms, layout_loops_corners, lemuel_doored_altar,
          uniq_duvessa
D:5:      layout_rooms, overflow_temple_1_default
D:6:      layout_layer_cave, lemuel_round_altar, minmay_temple_entry_hall,
          nicolae_ossuary_entry_false_entrances, amethyst_killhole
D:7:      layout_loops_ring, okawaru_trees_2, fedhas_altar_2,
          lemuel_coloured_pillars_altar
D:8:      layout_rooms, overflow_temple_1_default, kennysheep_mini_moat,
          dpeg_oklobed_lair, hangedman_decor_points, jiyva_altar_1, uniq_joseph
D:9:      layout_loops_ring, serial_shops, nicolae_shop_stone
D:10:     layout_loops_ring, enter_bailey_3, nicolae_trove_entry_crossroad,
          gammafunk_ghost_spectres, nicolae_transmutations_shop, uniq_erica,
          uniq_nergalle
Temple:   minmay_temple_curvy_branch
Bailey:   bailey_polearm_2, bailey

Skill      XL: |  1  2  3  4  5  6  7  8  9 10 11 |
---------------+----------------------------------+-----
Axes           | 3 4 5 6 7 9 10 | 10.6
Fighting       | 3 4 5 6 |  6.7
Armour         | 4 5 6 7 8 |  8.0
Shields        | 4 5 6 8 9 10 | 10.7
Invocations    | 3 5 |  5.4
Evocations     | 3 |  3.7

Action                   |  1- 3 |  4- 6 |  7- 9 | 10-12 || total
-------------------------+-------+-------+-------+-------++-------
Melee: War axe           |    57 |    76 |   359 |   291 ||   783
 Abil: Heal Wounds       |       |     5 |    11 |    16 ||    32
Evoke: Box of beasts     |       |       |       |     2 ||     2
  Use: Scroll            |       |       |    15 |       ||    15
       Potion            |       |       |       |     1 ||     1
 Stab: Distracted        |       |       |       |     1 ||     1
Armor: Scale mail        |    28 |     7 |       |       ||    35
       Plate armour      |       |    33 |   224 |   177 ||   434
Dodge: Dodged            |    14 |     8 |    31 |    38 ||    91
Block: Kite shield       |    23 |       |       |       ||    23
       Tower shield      |    37 |    84 |   320 |   340 ||   781

Table legend: (Time is in decaauts)
 A = Elapsed time spent in this place.
 B = Non-inter-level travel time spent in this place.
 C = Inter-level travel time spent in this place.
 D = Time resting spent in this place.
 E = Time spent auto-exploring this place.
 F = Levels seen in this place.
 G = Mean time per level.
                   A        B        C        D        E       F      G
               +--------+--------+--------+--------+--------+-----+--------+
         Total |   6394 |   6046 |    348 |      0 |   4319 |  13 |  491.8 |
       Dungeon |   5581 |   5255 |    326 |      0 |   4019 |  10 |  558.1 |
        Temple |    231 |    210 |     21 |      0 |    198 |   1 |  231.0 |
       Ossuary |    305 |    305 |      0 |      0 |    102 |   1 |  305.0 |
        Bailey |    275 |    275 |      0 |      0 |      0 |   1 |  275.0 |
               +--------+--------+--------+--------+--------+-----+--------+

Top non-repeatable levels by time:
     D:6: 1222 daAuts
     D:4: 941 daAuts
     D:7: 775 daAuts
     D:9: 614 daAuts
     D:5: 558 daAuts
     D:8: 540 daAuts
    D:10: 528 daAuts
 Ossuary: 305 daAuts
  Bailey: 275 daAuts
  Temple: 231 daAuts
     D:3: 209 daAuts
     D:1: 108 daAuts
     D:2: 82 daAuts
